 Dungeon Crawl Stone Soup version 0.29-a0-275-g389c0b56f3 (webtiles) character file.

Game seed: 14548850145794881188

139 sammy202020 the Chopper (level 5, 0/66 HPs)
             Began as a Palentonga Berserker on Mar 9, 2022.
             Was a Priest of Trog.
             Splashed by a jelly's acid (9 damage)
             ... in a sewer.
             The game lasted 00:04:51 (3028 turns).

sammy202020 the Chopper (Palentonga Berserker)      Turns: 3028, Time: 00:04:55

Health: 0/66       AC: -1    Str: 20    XL:     5   Next: 1%
Magic:  5/5        EV: 13    Int: 16    God:    Trog [***...]
Gold:   105        SH:  0    Dex:  9    Spells: 4/4 levels left

rFire   . . .      SeeInvis +   a - +0 hand axe
rCold   . . .      Faith    .   (no shield)
rNeg    . . .      Spirit   .   l - +0 ring mail
rPois   .          Reflect  .   (no helmet)
rElec   .          Harm     .   (no cloak)
rCorr   .          Rampage  .   (no gloves)
Will    .....                   (no barding)
Stlth   ..........              (no amulet)
HPRegen 0.21/turn               d - +6 ring of intelligence
MPRegen 0.09/turn               g - +4 ring of evasion

@: berserking, corroded, very quick
A: large, rugged brown scales 3, see invisible, deformed body, roll 1, armoured
tail
a: Rolling Charge, Renounce Religion, Berserk, Trog's Hand


You were in a sewer.
You worshipped Trog.
Trog was most pleased with you.
You visited 1 branch of the dungeon, and saw 3 of its levels.
You also visited: Sewer.

You collected 105 gold pieces.

Inventory:

Hand Weapons
 a - a +0 hand axe (weapon)
Armour
 l - a +0 ring mail (worn)
Jewellery
 d - a +6 ring of intelligence (left hand)
 g - a +4 ring of evasion (right hand)
 j - a +6 ring of dexterity
Scrolls
 c - a scroll of teleportation
Potions
 b - a potion of mutation {unknown}
 e - 2 potions of brilliance
 f - 2 potions of flight
 k - a potion of degeneration {unknown}
 m - 3 potions of haste {unknown}


   Skills:
 * Level 3.9 Fighting
 * Level 3.9 Axes
 * Level 2.7 Armour
 + Level 2.1 Dodging


You had 4 spell levels left.
You didn't know any spells.
Your spell library was empty.

Dungeon Overview and Level Annotations

Branches:
Dungeon (3/15)              Sewer (1/1)

Altars:

Shops:
D:1 [


Innate Abilities, Weirdness & Mutations

You are completely covered in rugged brown scales. (AC +3, +7% HP)
You have supernaturally acute eyesight. (SInv)
Armour fits poorly on your strangely shaped body.
You can roll at nearby foes to attack.
You have a long armoured tail.


Message History

You enter the shallow water.
Moving in this stuff is going to be slow.
Found a blue potion and a scroll of identify.
Found a scroll of identify and a fuming ruby potion.
Found a viscous altar of Jiyva.
The jelly hits you. The acid corrodes you!
You are splashed with acid!
You hit the jelly but do no damage. The acid corrodes you!
Your hands burn!
You hit the jelly but do no damage. The acid corrodes you!
Your hands burn!
The jelly closely misses you. The jelly hits you.
You are splashed with acid!
You are too injured to fight recklessly!
You are too injured to fight recklessly!
You are too injured to fight recklessly!
You are too injured to fight recklessly!
You are too injured to fight recklessly!
You are too injured to fight recklessly!
You are too injured to fight recklessly!
You are too injured to fight recklessly!
You are too injured to fight recklessly!
You are too injured to fight recklessly!
You are too injured to fight recklessly!
You are too injured to fight recklessly!
You are too injured to fight recklessly!
You are too injured to fight recklessly!
You are too injured to fight recklessly!
You are too injured to fight recklessly!
You are too injured to fight recklessly!
You are too injured to fight recklessly!
Unknown command.
A red film seems to cover your vision as you go berserk!
You feel yourself moving faster!
You feel mighty! The jelly closely misses you. The jelly hits you.
You are splashed with acid!
* * * LOW HITPOINT WARNING * * *
You hit the jelly but do no damage.
Your hands burn!
* * * LOW HITPOINT WARNING * * *
You hit the jelly.
Your hands burn!
* * * LOW HITPOINT WARNING * * *
The jelly closely misses you. The jelly hits you.
* * * LOW HITPOINT WARNING * * *
You are splashed with acid!
You die...

##### # ##.≈≈# #
#..≈. ## #..# ###≈
####..## ##≈†.
##≈≈.≈.≈####≈...
####.≈.≈..†≈##.≈≈≈#
##≈.≈...###.≈.≈≈.≈##
#≈J@≈≈≈## ##≈....##
#.≈.≈J##≈≈# ##..≈.#
?.....#
#..##≈≈..≈≈≈≈#
_!≈≈.≈
#.≈≈##.≈....≈.#
!?.≈≈
##∩.≈.≈≈...#≈..#
####.
##..≈≈#...##... #
#####≈≈## #.≈ ≈.≈#
## .≈≈#


You could see 2 jellies.

Vanquished Creatures
  A hound (D:2)
  3 adders
  A river rat (Sewer)
  A worm (D:2)
  2 dart slugs
  10 endoplasms
  4 giant cockroaches
  4 goblins
  2 hobgoblins
  4 jackals (D:2)
  4 kobolds
  2 quokkas
  8 ball pythons
  6 bats
  4 frilled lizards
  7 rats
  A bush (D:2)
64 creatures vanquished.

Notes
Turn   | Place    | Note
-------+----------+-------------------------------------------
     0 | D:1      | sammy202020 the Palentonga Berserker began the quest for
                  | the Orb.
     0 | D:1      | Reached XP level 1. HP: 19/19 MP: 1/1
   361 | D:1      | Reached XP level 2. HP: 24/25 MP: 2/2
   696 | D:1      | Found Xeolizis's Antique Armour Emporium.
  1401 | D:2      | Reached ** piety under Trog
  1476 | D:2      | Reached XP level 3. HP: 31/31 MP: 3/3
  2028 | D:2      | Reached XP level 4. HP: 38/39 MP: 4/4
  2445 | D:3      | Found a glowing drain.
  2478 | Sewer    | Entered a sewer
  2841 | Sewer    | Reached *** piety under Trog
  2852 | Sewer    | Reached XP level 5. HP: 21/44 MP: 5/5
  3025 | Sewer    | Found a viscous altar of Jiyva.
  3028 | Sewer    | Splashed by a jelly's acid

Illustrated notes

Levels and vault maps discovered:
D:1:      elethiomel_arrival_maze, layout_basic, serial_shops, shop
D:2:      layout_basic, minmay_hedge_maze
D:3:      layout_basic, gammafunk_temple_overflow_claw, gup_sewer_entry_glass
Sewer:    sewer_hellmonk_slimy_pipes

Skill      XL: |  1  2  3 |
---------------+----------+-----
Armour         | 2 |  2.7
Dodging        | 2 |  2.1
Fighting       | |  3.9
Axes           | |  3.9

Action                   |  1- 3 |  4- 6 || total
-------------------------+-------+-------++-------
Melee: Hand axe          |   218 |    78 ||   296
       Tailslap          |    44 |     9 ||    53
       Punch             |     8 |     1 ||     9
Invok: Berserk           |     1 |     1 ||     2
  Use: Scroll            |     5 |       ||     5
Armor: Animal skin       |    12 |       ||    12
       Ring mail         |    20 |    51 ||    71
Dodge: Dodged            |    57 |    60 ||   117

Table legend: (Time is in decaauts)
 A = Elapsed time spent in this place.
 B = Non-inter-level travel time spent in this place.
 C = Inter-level travel time spent in this place.
 D = Time resting spent in this place.
 E = Time spent auto-exploring this place.
 F = Levels seen in this place.
 G = Mean time per level.
                   A        B        C        D        E       F      G
               +--------+--------+--------+--------+--------+-----+--------+
         Total |   3079 |   3043 |     36 |    566 |   1871 |   4 |  769.8 |
       Dungeon |   2516 |   2480 |     36 |    262 |   1721 |   3 |  838.7 |
         Sewer |    563 |    563 |      0 |    304 |    150 |   1 |  563.0 |
               +--------+--------+--------+--------+--------+-----+--------+

Top non-repeatable levels by time:
     D:1: 1300 daAuts
     D:2: 1156 daAuts
   Sewer: 563 daAuts
     D:3: 59 daAuts
